 Dungeon Crawl Stone Soup version 0.28.0-53-g5a82cb258f (webtiles) character file.

Game seed: 8900543775000980087

34 MiltankisOP the Cudgeller (level 3, 0/23 HPs)
             Began as a Gargoyle Fighter on June 17, 2022.
             Splashed by a jelly's acid (5 damage)
             ... on level 2 of the Dungeon.
             The game lasted 00:01:30 (1063 turns).

MiltankisOP the Cudgeller (Gargoyle Fighter)        Turns: 1063, Time: 00:01:31

Health: 0/23       AC: -1    Str: 21    XL:     3   Next: 31%
Magic:  3/3        EV:  9    Int:  8    God:
Gold:   54         SH:  4    Dex:  9    Spells: 2/2 levels left

rFire   . . .      SeeInvis .   g - +2 whip (vamp)
rCold   . . .      Faith    .   c - +0 buckler
rNeg    + . .      Spirit   .   b - +0 scale mail
rPois   ∞          Reflect  .   (no helmet)
rElec   +          Harm     .   (no cloak)
rCorr   .          Rampage  .   (no gloves)
Will    .....                   (no boots)
Stlth   ..........              (no amulet)
HPRegen 0.07/turn               (no ring)
MPRegen 0.08/turn               (no ring)

@: corroded
A: sickness immunity, AC +3, negative energy resistance 1, electricity
resistance, torment resistance 1, petrification resistance
a: no special abilities


You were on level 2 of the Dungeon.
You visited 1 branch of the dungeon, and saw 2 of its levels.

You collected 54 gold pieces.

Inventory:

Hand Weapons
 a - a +0 flail
 g - a +2 vampiric whip (weapon)
Armour
 b - a +0 scale mail (worn)
 c - a +0 buckler (worn)
Scrolls
 f - a scroll of identify {unknown}
Potions
 d - a potion of might
 e - 2 potions of curing {unknown}


   Skills:
 - Level 3.2 Fighting
 + Level 3.6 Maces & Flails
 - Level 3.2 Armour
 - Level 3.2 Shields


You had 2 spell levels left.
You didn't know any spells.
Your spell library contained the following spells:

 Spells                   Type           Power      Damage    Failure   Level
 Animate Skeleton         Necr           0%         N/A       83%         1
 Apportation              Tloc           0%         N/A       83%         1
 Sandblast                Erth           0%         2d4       83%         1
 Summon Small Mammal      Summ           0%         N/A       83%         1
 Passwall                 Tmut/Erth      0%         N/A       93%         2
 Stone Arrow              Conj/Erth      0%         3d7       99%         3


Dungeon Overview and Level Annotations

Branches:
Dungeon (2/15)

Altars:


Innate Abilities, Weirdness & Mutations

You are immune to sickness and miasma.
Your stone body is resilient. (AC +3)
You are immune to poison.
You resist negative energy. (rN+)
You are resistant to electric shocks. (rElec)
You are resistant to unholy torment.
You are immune to petrification.


Message History

Done exploring.
(D) Dungeon
Where to? (? - help)
What level of the Dungeon? (default 1, ? - help)
There is a stone staircase leading down here.
You climb downwards.
The jelly quivers.
The kobold shouts!
Found a scroll labelled NOAGUHA JYLOA and a scroll labelled POPRANY LEBAAX.
Found a stone staircase leading down.
There is a stone staircase leading up here.
There are monsters nearby!
The kobold throws a stone.
The stone hits you but does no damage.
You see here a scroll labelled NOAGUHA JYLOA.
You hit the jelly but do no damage.
Your hands burn!
The jelly hits you but does no damage.
You hit the jelly.
You feel better. The acid corrodes you!
Your hands burn!
The jelly is moderately wounded.
You block the jelly's attack.
You hit the jelly.
Your hands burn!
The jelly is moderately wounded.
The kobold throws a stone.
The stone closely misses you.
The stone hits the jelly.
You hit the jelly.
Your hands burn!
The jelly is heavily wounded.
The jelly hits you but does no damage.
You hit the jelly but do no damage.
Your hands burn!
The jelly is heavily wounded.
The jelly hits you but does no damage.
The kobold throws a stone.
The stone closely misses you.
The stone hits the jelly.
You hit the jelly but do no damage. The acid corrodes you!
Your hands burn!
The jelly is severely wounded.
The jelly hits you. The acid corrodes you!
You are splashed with acid!
* * * LOW HITPOINT WARNING * * *
You are too injured to fight recklessly!
You are too injured to fight recklessly!
You are too injured to fight recklessly!
You are too injured to fight recklessly!
You hit the jelly.
You feel better.
Your hands burn!
You die...

.# .. #. #.
##K ### #..
...
#..##.###..
#..<.......
#.#@..#..#.
# #J.....#
.........
###?.#####
..# #># ##


You could see a jelly and a kobold.

Vanquished Creatures
  2 dart slugs (D:1)
  2 bats (D:1)
  2 giant cockroaches (D:1)
  2 goblins (D:1)
  A hobgoblin (D:1)
  7 jackals (D:1)
  2 kobolds (D:1)
  3 ball pythons (D:1)
  3 frilled lizards (D:1)
  3 rats (D:1)
27 creatures vanquished.

Vanquished Creatures (others)
  2 fungi (D:1)
  5 plants (D:1)
7 creatures vanquished.

Grand Total: 34 creatures vanquished

Notes
Turn   | Place    | Note
-------+----------+-------------------------------------------
     0 | D:1      | MiltankisOP the Gargoyle Fighter began the quest for the
                  | Orb.
     0 | D:1      | Reached XP level 1. HP: 14/14 MP: 1/1
    93 | D:1      | Reached XP level 2. HP: 6/19 MP: 2/2
   523 | D:1      | Reached XP level 3. HP: 17/23 MP: 3/3
   677 | D:1      | Found a faded altar of an unknown god.
  1062 | D:2      | HP: 1/23 [acid (9)]
  1063 | D:2      | Splashed by a jelly's acid

Illustrated notes

Levels and vault maps discovered:
D:1:      sevenhm_arrival_forest_fort_small_3, layout_loops_ring,
          shapermc_ecumenical_altar_mp_ritualfount
D:2:      kennysheep_the_goblin_king, layout_basic, basic_altar, uniq_jessica

Skill      XL: |  1  2 |
---------------+-------+-----
Maces & Flails | 3 |  3.6
Fighting       | |  3.2
Armour         | |  3.2
Shields        | |  3.2

Action                   || total
-------------------------++-------
Melee: Flail             ||    71
       Whip              ||    27
Armor: Scale mail        ||    42
Dodge: Dodged            ||    47
Block: Buckler           ||    23
